 Dungeon Crawl Stone Soup version 0.24.0-1-gfbc8707 (webtiles) character file.

Game seed: 11344039790422760463, levelgen mode: deterministic

72 Charmandara the Digger (level 4, -5/33 HPs)
             Began as a Formicid Wanderer on Nov 3, 2019.
             Slain by Grinder (6 damage)
             ... on level 3 of the Dungeon.
             The game lasted 00:05:49 (2315 turns).

Charmandara the Digger (Formicid Wanderer)          Turns: 2315, Time: 00:05:50

Health: -5/33      AC:  2    Str: 15 (17) XL:     4   Next: 48%
Magic:  0/5        EV: 11    Int: 13 (15) God:
Gold:   139        SH:  0    Dex:  4 (7)  Spells: 1/5 levels left

rFire    . . .     SeeInvis +   o - +3 quarterstaff
rCold    + . .     Gourm    .   (no shield)
rNeg     . . .     Faith    .   m - -1 leather armour (curse)
rPois    .         Spirit   .   (helmet unavailable)
rElec    .         Reflect  .   (no cloak)
rCorr    .         Harm     .   (no gloves)
MR       .....                  (no boots)
Stlth    +.........             (no amulet)
HPRegen  0.11/turn              c - ring of protection from cold {rC+, !d}
MPRegen  0.09/turn              (no ring)

@: no status effects
A: permanent stasis, dig shafts and tunnels, four strong arms, antennae 3
a: Dig, Shaft Self


You were on level 3 of the Dungeon.
You were hungry.

You visited 1 branch of the dungeon, and saw 3 of its levels.

You collected 139 gold pieces.

Inventory:

Hand Weapons
 a - a +0 club
 d - a +0 arbalest
   (You found it on level 3 of the Dungeon)
 g - a +0 dagger
   (You took it off a kobold on level 1 of the Dungeon)
 j - a +0 long sword
   (You found it on level 3 of the Dungeon)
 k - a +0 whip
   (You found it on level 1 of the Dungeon)
 o - a +3 quarterstaff (weapon)
   (You found it on level 3 of the Dungeon)
Missiles
 e - 113 stones (quivered)
Armour
 b - a +0 ring mail
 m - a cursed -1 leather armour (worn)
   (You found it on level 2 of the Dungeon)
Jewellery
 c - a ring of protection from cold (left hand) {rC+, !d}
   (You found it on level 2 of the Dungeon)
Potions
 i - 2 potions of mutation {!q}
 l - 2 potions of curing
Comestibles
 f - 6 rations


   Skills:
 - Level 2.0 Fighting
 - Level 1.0 Maces & Flails
 - Level 3.2 Armour
   Level 1.2 Shields
 - Level 1.1 Spellcasting
 - Level 1.0 Conjurations
 + Level 4.4 Earth Magic
   Level 1.1 Evocations


You had one spell level left.
You knew the following spells:

 Your Spells              Type           Power        Failure   Level  Hunger
a - Sandblast             Erth           ##....       5%          1    ##.....
x - Stone Arrow           Conj/Erth      #.....       34%         3    ####...

Your spell library contained the following spells:

 Spells                   Type           Power        Failure   Level  Hunger
 Passwall                 Tmut/Erth      #.......     22%         2    ###....
 Petrify                  Tmut/Erth      #.......     80%         4    #####..
 Lee's Rapid Deconstruct  Erth           ##........   83%         5    ######.


Dungeon Overview and Level Annotations

Branches:
Dungeon (3/15)

Altars:
Nemelex Xobeh

Annotations:
D:3 Grinder


Innate Abilities, Weirdness & Mutations

You cannot be hasted, slowed, berserked, paralysed or teleported.
You can dig through walls and to a lower floor.
Your four strong arms can wield two-handed weapons with a shield.
You have a pair of large antennae on your head. (SInv)


Message History

There is a stone staircase leading down here.
Health restored: 33 You climb downwards.
There is a stone staircase leading up here.
MP restored: 5 Unknown command.
You now have 139 gold pieces (gained 11).
You sense a monster nearby.
Grinder comes into view.
Unknown command.
You aren't carrying any items that you can evoke.
Unknown command.
You can't see any susceptible monsters within range! (Use Z to cast anyway.)
You remove your ring of protection from cold {rC+, !d}.
Unknown command.
Grinder gestures at you. You resist with significant effort.
Okay, then.
c - a ring of protection from cold (left hand) {rC+, !d}
Aim: Grinder The blast of sand hits Grinder.
e - 119 stones You now have 4/5 mp.
Aim: Grinder (lightly wounded)
The blast of sand hits Grinder.
e - 118 stones You now have 3/5 mp.
Aim: Grinder (lightly wounded)
The blast of sand hits Grinder.
e - 117 stones Grinder drinks a potion.
Grinder flickers and vanishes for a moment.
You now have 2/5 mp.
Aim: Grinder (moderately wounded, slightly transparent)
The blast of sand hits Grinder!
e - 116 stones You are feeling hungry.
Grinder gestures at you.
You barely resist.
You now have 1/5 mp.
Unknown command.
Aim: Grinder (heavily wounded, slightly transparent)
The blast of sand misses Grinder.
e - 115 stones Unknown command.
You now have 0/5 mp.
You aren't carrying any items that you can evoke.
Unknown command.
It was a potion of heal wounds.
You feel much better. Grinder gestures at you.
Your stasis prevents you from being paralysed.
You completely miss Grinder.
Grinder blinks!
Grinder closely misses you.
You closely miss Grinder. Grinder hits you!
You take 10 damage, and have 23/33 hp.
MASSIVE DAMAGE!!
You hit Grinder. Grinder misses you.
Aim: Grinder (heavily wounded, slightly transparent)
The blast of sand hits Grinder.
e - 114 stones Grinder hits you!
You writhe in agony.
You take 10 damage, and have 14/33 hp.
MASSIVE DAMAGE!!
You now have 0/5 mp.
You thump Grinder! Grinder gestures at you. You resist with significant effort.
Grinder blinks!
Grinder blinks!
Grinder blinks!
You hit Grinder.
Grinder blinks!
You closely miss Grinder. Grinder hits you but does no damage.
You closely miss Grinder.
Grinder blinks!
Grinder gestures at you.
You barely resist.
You see here 20 poisoned darts.
Unknown command.
You hit Grinder. Grinder gestures at you. Pain shoots through your body!
Grinder gestures at you.
Your stasis prevents you from being paralysed.
You take 5 damage, and have 10/33 hp.
Aim: Grinder (almost dead, slightly transparent)
The blast of sand hits Grinder.
e - 113 stones Grinder closely misses you.
You now have 0/5 mp.
Unknown command.
You hit Grinder. Grinder barely misses you.
You hit Grinder. Grinder gestures at you. You resist with significant effort.
You completely miss Grinder. Grinder hits you.
* * * LOW HITPOINT WARNING * * *
You writhe in agony.
* * * LOW HITPOINT WARNING * * *
Grinder hits you.
* * * LOW HITPOINT WARNING * * *
You writhe in agony.
You die...

######### ####
#.......# #..#
##.......#
#..#
.........#
#.<#
#.......###..#
#.......##...#
#.......##.#.#
#...$...##.#.#
#......@...#.#
#......5####.#
###.##.## #.#
#....# .#
...#.. ...##..
... .. .. #.


You could see Grinder (invisible).

Vanquished Creatures
  An adder (D:1)
  2 worms (D:2)
  3 dart slugs
  2 leopard geckos
  6 bats
  6 giant cockroaches
  3 goblins
  5 hobgoblins
  2 quokkas (D:2)
  2 ball pythons
  4 frilled lizards
  5 kobolds
  7 rats
48 creatures vanquished.

Notes
Turn   | Place    | Note
-------+----------+-------------------------------------------
     0 | D:1      | Charmandara the Formicid Wanderer began the quest for the
                  | Orb.
     0 | D:1      | Charmandara set off with the following items: a +0 club, a
                  | +0 ring mail, a potion of curing, a ration; and the
                  | following spell memorised: Sandblast; and the following
                  | spells available to memorise: Passwall, Stone Arrow,
                  | Petrify, Lee's Rapid Deconstruction
     0 | D:1      | Reached XP level 1. HP: 15/15 MP: 2/2
   299 | D:1      | Reached skill level 2 in Fighting
   507 | D:1      | Reached XP level 2. HP: 20/22 MP: 1/3
   781 | D:1      | Reached skill level 2 in Earth Magic
  1107 | D:2      | Reached XP level 3. HP: 27/27 MP: 2/4
  1121 | D:2      | Learned a level 3 spell: Stone Arrow
  1204 | D:1      | Reached skill level 3 in Earth Magic
  1561 | D:2      | Found a sparkling altar of Nemelex Xobeh.
  1598 | D:2      | Reached XP level 4. HP: 30/33 MP: 0/5
  1642 | D:2      | Reached skill level 4 in Earth Magic
  2014 | D:3      | HP: 8/33 [rat (1)]
  2287 | D:3      | Noticed Grinder
  2315 | D:3      | HP: 5/33 [Grinder (5)]
  2315 | D:3      | HP: 1/33 [Grinder (3)]
  2315 | D:3      | Slain by Grinder

Levels and vault maps discovered:
D:1:      roderic_dead_forest, layout_basic, serial_forest,
          infiniplex_forest_side_room, infiniplex_forest_clump_small,
          infiniplex_forest_split, infiniplex_forest_clump_cross,
          infiniplex_forest_diagonal, infiniplex_forest_clump_tiny,
          infiniplex_forest_lined_2
D:2:      layout_rooms, nemelex_xobeh_ov_fountains_minmay
D:3:      layout_rooms, uniq_grinder, uniq_natasha, uniq_ijyb

Skill      XL: |  1  2  3  4 |
---------------+-------------+-----
Fighting       | 2 |  2.0
Earth Magic    | 2 3 4 |  4.4
Maces & Flails | |  1.0
Armour         | |  3.2
Shields        | |  1.2
Spellcasting   | |  1.1
Conjurations   | |  1.0
Evocations     | |  1.1

Action                   |  1- 3 |  4- 6 || total
-------------------------+-------+-------++-------
Melee: Club              |    35 |       ||    35
       Whip              |    35 |    35 ||    70
       Quarterstaff      |       |    11 ||    11
 Cast: Sandblast         |    22 |    24 ||    46
 Abil: Dig               |     1 |     1 ||     2
  Use: Potion            |     2 |     3 ||     5
       Scroll            |     1 |     4 ||     5
  Eat: Chunk             |     3 |     3 ||     6
Armor: Ring mail         |    48 |    10 ||    58
       Leather armour    |       |     4 ||     4
Dodge: Dodged            |    64 |    37 ||   101

Levels and vault maps discovered:
D:1:      roderic_dead_forest, layout_basic, serial_forest,
          infiniplex_forest_side_room, infiniplex_forest_clump_small,
          infiniplex_forest_split, infiniplex_forest_clump_cross,
          infiniplex_forest_diagonal, infiniplex_forest_clump_tiny,
          infiniplex_forest_lined_2
D:2:      layout_rooms, nemelex_xobeh_ov_fountains_minmay
D:3:      layout_rooms, uniq_grinder, uniq_natasha, uniq_ijyb

Table legend:
 A = Turns spent in this place as a percentage of turns spent in the entire game.
 B = Non-inter-level travel turns spent in this place as a percentage of non-inter-level travel turns spent in the entire game.
 C = Inter-level travel turns spent in this place as a percentage of turns spent in this place.
 D = Turns resting spent in this place as a percentage of non-inter-level travel turns spent in this place.
 E = Turns spent auto-exploring this place as a percentage of non-inter-level travel turns spent in this place.
 F = Non-inter-level travel turns spent in this place divided by the number of levels of this place that you've seen.
                   A       B       C       D       E      F
               +-------+-------+-------+-------+-------+----------------------
         Total | 100.0 | 100.0 |   3.8 |  27.8 |  41.6 | 742.7
       Dungeon | 100.0 | 100.0 |   3.8 |  27.8 |  41.6 | 742.7
               +-------+-------+-------+-------+-------+----------------------

Table legend:
 A = Kills in this place as a percentage of kills in entire the game.
 B = Kills by you in this place as a percentage of kills by you in the entire game.
 C = Kills by friends in this place as a percentage of kills by friends in the entire game.
 D = Other kills in this place as a percentage of other kills in the entire game.
 E = Experience gained in this place as a percentage of experience gained in the entire game.
 F = Experience gained in this place divided by the number of levels of this place that you have seen.
                   A       B       C       D       E      F
               +-------+-------+-------+-------+-------+----------------------
         Total | 100.0 | 100.0 |   N/A |   N/A | 100.0 |  34.3
       Dungeon | 100.0 | 100.0 |   N/A |   N/A | 100.0 |  34.3
               +-------+-------+-------+-------+-------+----------------------
